 Dungeon Crawl Stone Soup version 0.28.0-45-g0d030f2227 (webtiles) character file.

Game seed: 15802866966651933410

13499 McKennaii the Destroyer (level 11, -8/68 HPs)
             Began as a Demonspawn Conjurer on Apr 8, 2022.
             Was an Initiate of Sif Muna.
             Mangled by a six-headed hydra (9 damage)
             ... on level 1 of the Lair of Beasts.
             The game lasted 00:23:45 (13482 turns).

McKennaii the Destroyer (Demonspawn Conjurer)      Turns: 13482, Time: 00:23:45

Health: -8/68      AC:  8    Str: 13    XL:     11   Next: 76%
Magic:  10/27      EV: 12    Int: 29    God:    Sif Muna [......]
Gold:   375        SH:  0    Dex: 12    Spells: 28/35 levels left

rFire   + . .      SeeInvis .   u - +2 great sword "Hydrabane" {flame, *Corrode rF+ rN+++ Str+5}
rCold   + + .      Faith    .   (shield currently unavailable)
rNeg    + + +      Spirit   .   t - +1 robe of the Sacrificial Victim {Int+4 Slay+5}
rPois   .          Reflect  .   k - +0 helmet
rElec   .          Harm     .   a - +0 cloak
rCorr   .          Rampage  .   (no gloves)
Will    .....                   d - +2 pair of boots
Stlth   ++........              w - amulet of magic regeneration
HPRegen 0.21/turn               c - ring of protection from cold
MPRegen 0.60/turn               K - ring of protection from cold

@: very slightly contaminated
A: claws 1, powered by death 2, big brain 1, demonic magic 1
a: Renounce Religion


You were on level 1 of the Lair of Beasts.
You worshipped Sif Muna.
Sif Muna was noncommittal.
You visited 3 branches of the dungeon, and saw 14 of its levels.

You collected 887 gold pieces.
You spent 512 gold pieces at shops.

Inventory:

Hand Weapons
 u - the +2 great sword "Hydrabane" (weapon) {flame, *Corrode rF+ rN+++ Str+5}
   (You found it on level 5 of the Dungeon)

   It burns those it strikes, dealing additional fire damage.
   Big, fiery blades are also staple armaments of hydra-hunters.
   Str:       It affects your strength (+5).
   rF:        It protects you from fire.
   rN:        It renders you almost immune to negative energy.
   *Corrode:  It may corrode you when you take damage.
Armour
 a - a +0 cloak (worn)
 d - a +2 pair of boots (worn)
 h - the +9 plate armour "Pirhoo" {Regen+ Str+2 Int+4 Dex+7}
   (You found it on level 4 of the Dungeon)

   Str:       It affects your strength (+2).
   Int:       It affects your intelligence (+4).
   Dex:       It affects your dexterity (+7).
   Regen:     It increases your rate of health regeneration.
 k - a +0 helmet (worn)
 t - the +1 robe of the Sacrificial Victim (worn) {Int+4 Slay+5}
   (You found it on level 4 of the Dungeon)

   Int:       It affects your intelligence (+4).
   Slay:      It affects your accuracy & damage with ranged weapons and melee
   (+5).
Magical Staves
 C - a staff of fire
Jewellery
 c - a ring of protection from cold (left claw)
 p - a ring of ice
 w - an amulet of magic regeneration (around neck)
 E - a +4 ring of evasion
 K - a ring of protection from cold (right claw)
 R - a ring of ice
Wands
 g - a wand of flame (73)
 N - a wand of iceblast (3)
 P - a wand of acid (4)
 Q - a wand of digging (8)
 S - a wand of polymorph (3)
Scrolls
 b - 2 scrolls of enchant weapon
 f - 2 scrolls of magic mapping {unknown}
 m - 5 scrolls of teleportation
 r - 2 scrolls of fog
 v - 2 scrolls of amnesia {unknown}
 y - a scroll of blinking {unknown}
 z - 3 scrolls of immolation {unknown}
 A - 3 scrolls of enchant armour
 B - a scroll of fear {unknown}
 D - a scroll of vulnerability {unknown}
 H - a scroll of torment {unknown}
 L - a scroll of noise {unknown}
 O - 2 scrolls of holy word {unknown}
Potions
 e - 4 potions of heal wounds
 i - 2 potions of flight
 j - a potion of ambrosia
 l - 2 potions of attraction
 n - 4 potions of curing
 o - 5 potions of might
 q - a potion of brilliance
 s - 3 potions of cancellation {unknown}
 x - 2 potions of invisibility {unknown}
 F - a potion of berserk rage {unknown}
 G - 2 potions of lignification {unknown}
 I - a potion of mutation {unknown}
 J - a potion of degeneration {unknown}
 M - 2 potions of magic


   Skills:
 - Level 1.7 Dodging
 - Level 1.7 Stealth
 + Level 12.5 Spellcasting
 + Level 14.0 Conjurations


You had 28 spell levels left.
You knew the following spells:

 Your Spells              Type           Power      Damage    Failure   Level
a - Magic Dart            Conj           100%       1d8       0%          1
b - Searing Ray           Conj           100%       2d8       0%          2
c - Iskenderun's Mystic   Conj/Tloc      56%        2d12      1%          4

Your spell library contained the following spells:

 Spells                   Type           Power      Damage    Failure   Level
 Dazzling Flash           Conj/Hex       100%       N/A       1%          3
 Fulminant Prism          Conj/Hex       28%        3d14      1%          4


Dungeon Overview and Level Annotations

Branches:
Dungeon (12/15)            Temple (1/1) D:7            Lair (1/6) D:8
    Orc (0/2) D:10

Altars:
Ashenzari
Cheibriados
Dithmenos
Elyvilon
Fedhas
Gozag
Hepliaklqana
Kikubaaqudgha
Makhleb
Nemelex Xobeh
Okawaru
Qazlal
Ru
Sif Muna
Trog
Uskayaw
Vehumet
Wu Jian
Xom
Yredelemnul
Zin
The Shining One

Shops:
D:4 !   D:10 !


Innate Abilities, Weirdness & Mutations

You have sharp fingernails.
You regenerate health from kills.
You have an unusually large brain. (Int +2)
Spells you cast may paralyse adjacent enemies.


Message History

Unknown command.
You hack one of the seven-headed hydra's heads off!
The flame cauterises the wound!
You hit the six-headed hydra. You burn the six-headed hydra.
The six-headed hydra is severely wounded.
The six-headed hydra barely misses you. x2; The six-headed hydra bites you! x2
The six-headed hydra bites you. x2; The six-headed hydra misses you. x2
The six-headed hydra bites you but does no damage. x2
The six-headed hydra bites you!
* * * LOW HITPOINT WARNING * * *
The six-headed hydra bites you but does no damage.
Unknown command.
Unknown command.
Casting: Iskenderun's Mystic Blast (dangerous; 1% risk of failure)
Confirm with . or Enter, or press ? or * to list all spells.
You erupt in a blast of force!
The mystic blast hits the six-headed hydra.
The six-headed hydra is severely wounded.
The six-headed hydra is knocked back by the mystic blast.
Malevolent energies surge around you.
Casting: Iskenderun's Mystic Blast (dangerous; 1% risk of failure)
Confirm with . or Enter, or press ? or * to list all spells.
You erupt in a blast of force!
The mystic blast hits the six-headed hydra!
The six-headed hydra is severely wounded.
Malevolent energies surge around you.
Unknown command.
Casting: Iskenderun's Mystic Blast (dangerous; 1% risk of failure)
Confirm with . or Enter, or press ? or * to list all spells.
You miscast Iskenderun's Mystic Blast.
You are very lightly contaminated with residual magic.
Nothing appears to happen.
The six-headed hydra bites you!
* * * LOW HITPOINT WARNING * * *
The six-headed hydra bites you.
* * * LOW HITPOINT WARNING * * *
The six-headed hydra closely misses you.
The six-headed hydra bites you.
* * * LOW HITPOINT WARNING * * *
The six-headed hydra bites you!
You die...

##.#.#.#.......
#.#####........
##..###........
##..##.......#
###....#.....
##....#.#P.
#.#.##....
#.#.##.#..
##@D......
#...#.#...
#..####. #.. ..
#.. .#. ###. ..


You could see a six-headed hydra.

Vanquished Creatures
  Kirke (D:12)
  Harold (D:7)
  Fannar (D:12)
  A cyclops (D:12)
  Joseph (D:9)
  Maggie (D:10)
  A gargoyle (D:12)
  A kobold demonologist (D:12)
  2 unseen horrors
  A troll (D:12)
  A hornet (D:9)
  A shadow (D:12)
  A wyvern (D:11)
  7 yaks
  5 hogs
  3 wraiths
  A steam dragon (D:8)
  Menkaure (D:4)
  An acid dragon (D:12)
  5 water moccasins
  2 black bears (D:8)
  A hornet zombie (D:7)
  3 necrophages
  7 orc warriors
  An ice beast (D:7)
  A sky beast (D:7)
  An ogre (D:7)
  A centaur (D:12)
  2 phantoms
  4 kobold brigands
  8 bullfrogs
  6 scorpions
  16 killer bees
  2 water moccasin skeletons
  8 wights
  5 howler monkeys
  2 centaur zombies
  3 gnoll shamans
  Crazy Yiuf (D:4)
  5 orc priests
  2 centaur skeletons
  Terence (D:3)
  Ijyb (D:4)
  Natasha (thrice) (D:3)
  An iguana (D:5)
  12 orc wizards
  A howler monkey zombie (D:10)
  9 adders
  17 gnolls
  A white imp (D:8)
  An ufetubus (D:6)
  A worm (D:2)
  2 dart slugs
  34 orcs
  8 endoplasms
  3 giant cockroaches
  7 goblins
  7 hobgoblins
  26 kobolds
  6 quokkas
  4 ball pythons
  6 bats
  4 frilled lizards
  7 rats
280 creatures vanquished.

Vanquished Creatures (others)
  An orc (D:8)
  33 fungi (D:8)
  34 plants (D:8)
68 creatures vanquished.

Grand Total: 348 creatures vanquished

Notes
Turn   | Place    | Note
-------+----------+-------------------------------------------
     0 | D:1      | McKennaii the Demonspawn Conjurer began the quest for the
                  | Orb.
     0 | D:1      | Reached XP level 1. HP: 13/13 MP: 3/3
   269 | D:1      | Gained mutation: You have an unusually large brain. (Int
                  | +2) [demonic ancestry]
   269 | D:1      | Reached XP level 2. HP: 11/19 MP: 0/5
   915 | D:1      | Reached XP level 3. HP: 24/24 MP: 2/7
  1106 | D:2      | Found a faded altar of an unknown god.
  1853 | D:3      | Noticed Terence
  1859 | D:3      | Killed Terence
  1860 | D:3      | Reached XP level 4. HP: 30/30 MP: 1/8
  1869 | D:3      | Reached skill level 5 in Conjurations
  1940 | D:3      | You fall into a shaft and drop 3 floors!
  1960 | D:5      | Entered Level 5 of the Dungeon
  2123 | D:5      | Learned a level 2 spell: Searing Ray
  2199 | D:5      | Gained mutation: You regenerate a little health from kills.
                  | [demonic ancestry]
  2199 | D:5      | Reached XP level 5. HP: 35/35 MP: 5/10
  2243 | D:5      | Noticed a necrophage
  2254 | D:5      | Killed a necrophage
  2336 | D:4      | Identified the +9 plate armour "Pirhoo" {Regen+ Str+2 Int+4
                  | Dex+7}
  2446 | D:4      | Noticed Menkaure
  2452 | D:4      | Killed Menkaure
  2453 | D:4      | Reached skill level 6 in Conjurations
  2453 | D:4      | Gained mutation: You have sharp fingernails. [demonic
                  | ancestry]
  2453 | D:4      | Reached XP level 6. HP: 41/41 MP: 4/12
  2565 | D:4      | Noticed Ijyb
  2709 | D:4      | Found a burning altar of Makhleb.
  2729 | D:4      | Reached skill level 5 in Spellcasting
  2729 | D:4      | Found a shadowy altar of Dithmenos.
  2742 | D:4      | Gained mutation: You regenerate health from kills. [demonic
                  | ancestry]
  2742 | D:4      | Reached XP level 7. HP: 46/46 MP: 1/14
  3357 | D:3      | Found a sparkling altar of Nemelex Xobeh.
  3541 | D:3      | Found a bloodstained altar of Trog.
  3541 | D:3      | Noticed Natasha
  3548 | D:3      | Reached skill level 7 in Conjurations
  3551 | D:3      | Killed Natasha
  3698 | D:3      | Noticed Natasha
  3703 | D:3      | Killed Natasha
  3936 | D:3      | Noticed Natasha
  3948 | D:3      | Killed Natasha
  4029 | D:4      | Learned a level 4 spell: Iskenderun's Mystic Blast
  4064 | D:4      | Killed Ijyb
  4099 | D:4      | Found a blossoming altar of Fedhas.
  4316 | D:4      | Found Yggaot's Distillery.
  4324 | D:4      | Bought a potion of curing for 33 gold pieces
  4324 | D:4      | Bought a potion of brilliance for 44 gold pieces
  4535 | D:4      | Identified the +1 robe of the Sacrificial Victim {Int+4
                  | Slay+5}
  4600 | D:4      | Found a runed translucent door.
  4601 | D:4      | Noticed Crazy Yiuf
  4755 | D:4      | Killed Crazy Yiuf
  5241 | D:5      | Identified the +2 great sword "Hydrabane" {flame, *Corrode
                  | rF+ rN+++ Str+5}
  5415 | D:5      | Reached XP level 8. HP: 52/52 MP: 17/17
  5858 | D:6      | Reached skill level 8 in Conjurations
  6115 | D:6      | Noticed a two-headed ogre
  6647 | D:7      | Reached skill level 9 in Conjurations
  6657 | D:7      | Found a staircase to the Ecumenical Temple.
  6665 | Temple   | Entered the Ecumenical Temple
  7107 | D:7      | Reached XP level 9. HP: 57/57 MP: 14/20
  7749 | D:7      | Noticed Harold
  7781 | D:7      | Reached skill level 10 in Conjurations
  7817 | D:7      | Killed Harold
  8240 | D:8      | Reached skill level 11 in Conjurations
  8249 | D:8      | Reached XP level 10. HP: 63/63 MP: 2/23
  8438 | D:8      | Reached skill level 10 in Spellcasting
  8608 | D:8      | Found a staircase to the Lair.
  8770 | D:8      | Found a basalt altar of Yredelemnul.
  9161 | D:9      | Found an ornate altar of the Wu Jian Council.
  9336 | D:9      | Paralysed by a hornet for 2 turns
  9340 | D:9      | Reached skill level 12 in Conjurations
  9631 | D:9      | Found a broken altar of Ashenzari.
  9635 | D:9      | Saw a vision of the Shoals and the Spider Nest.
  9635 | D:9      | Noticed a sea snake
  9904 | D:9      | Noticed Joseph
 10012 | D:9      | Killed Joseph
 10549 | D:10     | Entered Level 10 of the Dungeon
 10552 | D:10     | Found a staircase to the Orcish Mines.
 10788 | D:10     | Found Tiocural's Distillery.
 10840 | D:10     | Bought a potion of heal wounds for 75 gold pieces
 10840 | D:10     | Bought a potion of heal wounds for 75 gold pieces
 10840 | D:10     | Bought a potion of curing for 45 gold pieces
 10840 | D:10     | Bought a potion of magic for 120 gold pieces
 10840 | D:10     | Bought a potion of magic for 120 gold pieces
 11173 | D:10     | Noticed Maggie
 11184 | D:10     | Killed Maggie
 11420 | D:9      | Found a stormy altar of Qazlal.
 11420 | D:9      | Found a hazy altar of Hepliaklqana.
 11424 | D:9      | Found a shimmering blue altar of Sif Muna.
 11433 | D:9      | Became a worshipper of Sif Muna the Loreminder
 11491 | D:11     | Gained mutation: Spells you cast may paralyse adjacent
                  | enemies. [demonic ancestry]
 11491 | D:11     | Reached XP level 11. HP: 68/68 MP: 12/26
 11937 | D:12     | Noticed Kirke
 11938 | D:12     | Noticed Fannar
 11940 | D:12     | Noticed an eight-headed hydra
 12049 | D:12     | Reached skill level 13 in Conjurations
 12115 | D:12     | Noticed a sphinx
 12116 | D:12     | Noticed a lindwurm
 12249 | D:12     | Noticed a lindwurm
 12251 | D:12     | Killed Kirke
 12390 | D:12     | Killed Fannar
 13244 | Lair:1   | Entered Level 1 of the Lair of Beasts
 13339 | Lair:1   | Reached skill level 14 in Conjurations
 13474 | Lair:1   | Noticed an eight-headed hydra
 13482 | Lair:1   | HP: 1/68 [six-headed hydra (3)]
 13482 | Lair:1   | Mangled by a six-headed hydra

Illustrated notes

Levels and vault maps discovered:
D:1:      sevenhm_arrival_forest_fort_small_5, layout_basic,
          minmay_misc_feat_enclosed
D:2:      layout_rooms, ebering_ecumenical_altar_mist, minmay_cut_off
D:3:      kennysheep_big_flooded_room, layout_basic, lightli_temple_of_fire,
          nemelex_altar_shiori, kennysheep_path_1, patterned_corridor,
          uniq_terence, uniq_natasha
D:4:      layout_loops_ring, mainiacjoe_overflow_boulevard,
          mainiacjoe_overflow_surrounded_room, lemuel_tele_altar, serial_shops,
          shop_statue, grunt_decor_clamped, uniq_menkaure,
          uniq_crazy_yiuf_cottage, uniq_ijyb
D:5:      layout_loops_ring, kennysheep_generic_room_5
D:6:      layout_cave_pools
D:7:      layout_basic, minmay_temple_entry_arrows, kennysheep_generic_room_7,
          uniq_harold
D:8:      layout_rooms, old_standard_altar, mainiacjoe_overflow_alcove_2,
          nicolae_elyvilon_peaceful_grove, due_lair_maze_entry_diamond,
          lemuel_flamethrower_2
D:9:      layout_basic, lemuel_coloured_pillars_altar, grunt_ashenzari_visionary
          [grunt_ashenzari_visionary_shoals, grunt_ashenzari_visionary_spider],
          nicolae_overflow_hidden_temple, uniq_joseph
D:10:     layout_irregular_city, orc_0_dummy, serial_shops,
          nicolae_diamond_shop, uniq_maggie
D:11:     layout_rooms
D:12:     layout_rooms, uniq_kirke, uniq_fannar
Temple:   compressed_dpeg_triangle_lava_temple
Lair:1:   layout_layer_cave

Skill      XL: |  1  2  3  4  5  6  7  8  9 10 11 |
---------------+----------------------------------+-----
Spellcasting   | 3 4 5 6 7 9 11 12 | 12.5
Conjurations   | 5 6 7 9 11 12 14 | 14.0
Dodging        | |  1.7
Stealth        | |  1.7

Action                   |  1- 3 |  4- 6 |  7- 9 | 10-12 || total
-------------------------+-------+-------+-------+-------++-------
Melee: Unarmed           |    28 |    13 |       |     7 ||    48
       Great sword       |       |       |    16 |    18 ||    34
 Cast: Magic Dart        |    87 |    27 |   205 |   115 ||   434
       Searing Ray       |       |     9 |    49 |    44 ||   102
       Iskenderun's Myst |       |       |    11 |    94 ||   105
  Use: Scroll            |       |     1 |     6 |     2 ||     9
       Potion            |       |     1 |       |       ||     1
Armor: Robe              |     8 |    21 |    34 |    48 ||   111
Dodge: Dodged            |    25 |    35 |    78 |   159 ||   297
